 Dungeon Crawl Stone Soup version 0.28.0-1-gb440e238dd (webtiles) character file.

Game seed: 6700109211122885844

12435 spaghetti the Brawler (level 11, -1/126 HPs)
             Began as a Demigod Fighter on Feb 20, 2022.
             Slain by a freezing wraith (6 damage)
             ... on level 12 of the Dungeon.
             The game lasted 00:19:06 (13110 turns).

spaghetti the Brawler (Demigod Fighter)            Turns: 13110, Time: 00:19:08

Health: -1/126     AC: 13    Str: 29    XL:     11   Next: 36%
Magic:  25/25      EV: 10    Int: 18    God:
Gold:   909        SH:  6    Dex: 19    Spells: 5/12 levels left

rFire   . . .      SeeInvis .     - Unarmed
rCold   . . .      Faith    .   m - +1 buckler
rNeg    . . .      Spirit   .   t - +0 steam dragon scales
rPois   .          Reflect  .   L - +0 helmet
rElec   .          Harm     .   p - +0 cloak
rCorr   .          Rampage  .   o - +1 pair of gloves
Will    ++...                   K - +2 pair of boots
Stlth   ..........              d - amulet of regeneration
HPRegen 1.11/turn               A - ring "Yclan" {MP+9 Str+2 Dex+6}
MPRegen 0.19/turn               D - +6 ring of strength

@: berserking, slowed
A: high MP 1, forlorn, divine attributes, strong-willed 1, passive freeze, sense
surroundings 1, noise suppression
a: no special abilities


You were on level 12 of the Dungeon.
You visited 2 branches of the dungeon, and saw 14 of its levels.

You collected 909 gold pieces.

Inventory:

Hand Weapons
 b - a +1 hand crossbow
Missiles
 n - 83 bolts
 x - a throwing net (quivered)
Armour
 a - a +0 scale mail
 m - a +1 buckler (worn)
 o - a +1 pair of gloves (worn)
 p - a +0 cloak (worn)
 t - +0 steam dragon scales (worn)
 K - a +2 pair of boots (worn)
 L - a +0 helmet (worn)
 N - the +1 ring mail "Ozuig" {rF+}
   (You found it on level 11 of the Dungeon)

   rF:        It protects you from fire.
Jewellery
 c - a ring of poison resistance
 d - an amulet of regeneration (around neck)
 e - a ring of protection from fire
 j - a ring of protection from cold
 A - the ring "Yclan" (left hand) {MP+9 Str+2 Dex+6}
   (You found it on level 7 of the Dungeon)

   [ring of magical power]

   Str:       It affects your strength (+2).
   Dex:       It affects your dexterity (+6).
   MP:        It affects your magic capacity (+9).
 D - a +6 ring of strength (right hand)
 E - a +6 ring of intelligence
Wands
 k - a wand of acid (15)
 l - a wand of paralysis (3)
 v - a wand of polymorph (21)
 y - a wand of iceblast (15)
 B - a wand of flame (28)
 C - a wand of mindburst (7)
 F - a wand of digging (5)
Scrolls
 f - 9 scrolls of identify
 h - 2 scrolls of vulnerability
 q - 3 scrolls of amnesia
 w - 3 scrolls of immolation
 G - a scroll of magic mapping
 M - a scroll of fear
 O - a scroll of teleportation
Potions
 g - 3 potions of mutation
 i - 4 potions of curing
 r - 2 potions of magic
 s - a potion of degeneration
 u - a potion of lignification
 H - a potion of brilliance
 I - 2 potions of heal wounds {unknown}
 J - a potion of invisibility {unknown}


   Skills:
 + Level 4.1 Fighting
 - Level 2.6 Armour
 - Level 2.6 Shields
 + Level 15.6 Unarmed Combat
 - Level 1.1 Spellcasting
 - Level 5.5 Summonings


You had 5 spell levels left.
You knew the following spells:

 Your Spells              Type           Power      Damage    Failure   Level
a - Call Canine Familiar  Summ           21%        N/A       8%          3
b - Call Imp              Summ           21%        N/A       4%          2
c - Blink                 Tloc           2%         N/A       36%         2

Your spell library contained the following spells:

 Spells                   Type           Power      Damage    Failure   Level
 Foxfire                  Conj/Fire      4%         2x1d4     26%         1
 Magic Dart               Conj           4%         1d3       26%         1
 Sublimation of Blood     Necr           1%         N/A       36%         2
 Wereblood                Tmut           1%         N/A       36%         2
 Conjure Flame            Conj/Fire      1%         6-21      61%         3
 Gell's Gravitas          Tloc           1%         N/A       61%         3
 Ignite Poison            Fire/Tmut/Pois 1%         N/A       61%         3
 Inner Flame              Hex/Fire       1%         N/A       61%         3
 Lesser Beckoning         Tloc           1%         N/A       61%         3
 Mephitic Cloud           Conj/Pois/Air  1%         N/A       61%         3
 Portal Projectile        Hex/Tloc       2%         N/A       61%         3
 Teleport Other           Tloc           1%         N/A       61%         3
 Flame Wave               Conj/Fire      1%         2d4       95%         4
 Leda's Liquefaction      Hex/Erth       0%         N/A       95%         4
 Freezing Cloud           Conj/Ice/Air   0%         6-21      100%        5
 Manifold Assault         Tloc           1%         N/A       100%        5
 Storm Form               Tmut/Air       0%         N/A       100%        7
 Summon Hydra             Summ           10%        N/A       100%        7


Dungeon Overview and Level Annotations

Branches:
Dungeon (12/15)            Temple (0/1) D:4            Lair (0/6) D:9
    Orc (2/2) D:9
    Elf: Orc:2

Annotations:
D:2 1 runed translucent door, Crazy Yiuf
D:3 Grinder


Innate Abilities, Weirdness & Mutations

You have an increased reservoir of magic. (+10% MP)
You shall have no god before yourself.
Your divine heritage dramatically boosts your attributes as you level up.
You are strong-willed. (Will+)
A frigid envelope surrounds you and freezes all who hurt you.
You passively map a small area around you.
You passively dampen the noise of your surroundings.


Message History

The freezing wraith is almost destroyed.
The freezing wraith hits you!
* * * LOW HITPOINT WARNING * * *
The freezing wraith freezes you!
* * * LOW HITPOINT WARNING * * *
The freezing wraith completely resists.
The freezing wraith hits you.
* * * LOW HITPOINT WARNING * * *
The freezing wraith completely resists.
Okay, then.
Okay, then.
Okay, then.
Okay, then.
You hit the freezing wraith but do no damage.
The freezing wraith is almost destroyed.
The freezing wraith hits you but does no damage.
The freezing wraith completely resists.
The freezing wraith hits you but does no damage.
The freezing wraith completely resists.
Unknown command.
You hit the freezing wraith but do no damage.
The freezing wraith is almost destroyed.
The freezing wraith barely misses you. You block the freezing wraith's attack.
You closely miss the freezing wraith.
The freezing wraith is almost destroyed.
The freezing wraith hits you but does no damage.
You block the freezing wraith's attack.
Aiming: Iceblast
Press: ? - help, Shift-Dir - straight line
Okay, then.
Aiming: Mindburst
Press: ? - help, Shift-Dir - straight line, f - freezing wraith
Aim: a freezing wraith (almost destroyed, chance to affect: 47%)
Okay, then.
A red film seems to cover your vision as you go berserk!
You feel yourself moving faster!
You feel mighty! The freezing wraith hits you!
* * * LOW HITPOINT WARNING * * *
The freezing wraith freezes you!
* * * LOW HITPOINT WARNING * * *
The freezing wraith completely resists.
The freezing wraith hits you.
You die...

## * * #. , *
######.#########
........<.......
................
........@.......
,, ,
#.?..#.W........
, ....
#.#........, ,
..., #.#........
.. , ......###+#
*..... , # ,
......## , ....#
* ......##, ,
*...# ###+#### *
, *#..## * #....


You could see a freezing wraith.

Vanquished Creatures
  Gastronok (D:11)
  Harold (D:9)
  3 two-headed ogres
  An ugly thing (D:9)
  A cyclops (D:11)
  Maurice (D:10)
  3 gargoyles
  A kobold demonologist (D:11)
  2 trolls
  2 hornets
  A meliai zombie (D:10)
  A shadow (D:11)
  A wraith (D:9)
  7 yaks
  4 vampire mosquitoes (D:11)
  2 steam dragons
  2 wargs (D:9)
  Duvessa (D:7)
  2 water moccasins
  An ice beast (D:5)
  A sky beast (D:3)
  3 orc warriors
  9 centaurs
  2 kobold brigands
  A phantom (D:4)
  A gnoll sergeant (D:6)
  A wyvern zombie (D:7)
  2 scorpions (D:7)
  A wyvern skeleton (D:5)
  A water moccasin skeleton (D:3)
  Dowan (D:7)
  8 wights
  A bullfrog zombie (D:6)
  4 hounds
  2 centaur zombies
  6 orc priests
  A bullfrog skeleton (D:5)
  2 centaur skeletons
  Jessica (D:2)
  A gnoll shaman (D:7)
  2 iguanas
  5 orc wizards
  A killer bee zombie (D:8)
  2 howler monkey zombies (D:6)
  7 gnolls
  4 adders
  A shadow imp (D:4)
  3 white imps
  2 adder skeletons (D:4)
  A worm (D:3)
  3 dart slugs
  28 orcs
  8 endoplasms
  A giant cockroach (D:1)
  6 goblins
  7 hobgoblins
  2 jackals (D:4)
  3 quokkas
  10 ball pythons
  6 bats
  3 frilled lizards
  9 kobolds
  6 rats
207 creatures vanquished.

Vanquished Creatures (collateral kills)
  A water moccasin zombie (D:6)
  A centaur zombie (D:7)
  A bullfrog zombie (D:6)
  An iguana (D:7)
  2 orcs
6 creatures vanquished.

Vanquished Creatures (others)
  6 plants (D:4)
6 creatures vanquished.

Grand Total: 219 creatures vanquished

Notes
Turn   | Place    | Note
-------+----------+-------------------------------------------
     0 | D:1      | spaghetti the Demigod Fighter began the quest for the Orb.
     0 | D:1      | Reached XP level 1. HP: 18/18 MP: 3/3
    35 | D:1      | Reached skill level 2 in Unarmed Combat
   383 | D:1      | Reached XP level 2. HP: 22/25 MP: 4/4
   687 | D:1      | Reached skill level 3 in Unarmed Combat
  1208 | D:2      | Reached XP level 3. HP: 30/30 MP: 5/5
  1433 | D:2      | Found a runed translucent door.
  1434 | D:2      | Noticed Crazy Yiuf
  2094 | D:3      | Noticed Jessica
  2106 | D:2      | Gained mutation: You passively map a small area around you.
                  | [potion of mutation]
  2106 | D:2      | Gained mutation: You are strong-willed. (Will+) [potion of
                  | mutation]
  2106 | D:2      | Gained mutation: A frigid envelope surrounds you and
                  | freezes all who hurt you. [potion of mutation]
  2106 | D:2      | Gained mutation: You passively dampen the noise of your
                  | surroundings. [potion of mutation]
  2108 | D:2      | Killed Jessica
  2109 | D:2      | Reached skill level 1 in Spellcasting
  2302 | D:2      | Learned a level 3 spell: Call Canine Familiar
  2403 | D:3      | Reached XP level 4. HP: 29/37 MP: 8/8
  2546 | D:3      | Reached skill level 4 in Unarmed Combat
  2552 | D:3      | Reached skill level 1 in Summonings
  2689 | D:3      | Reached XP level 5. HP: 42/42 MP: 9/9
  2715 | D:3      | Noticed a sky beast
  2754 | D:3      | Killed a sky beast
  2758 | D:3      | Reached skill level 5 in Unarmed Combat
  2758 | D:3      | Reached XP level 6. HP: 24/50 MP: 10/10
  3131 | D:3      | Noticed Grinder
  3145 | D:3      | Paralysed by Grinder for 3 turns
  4388 | D:4      | Found a staircase to the Ecumenical Temple.
  4623 | D:5      | Entered Level 5 of the Dungeon
  4635 | D:5      | Noticed a steam dragon
  4646 | D:4      | Killed a steam dragon
  4647 | D:4      | Reached XP level 7. HP: 29/56 MP: 11/11
  4692 | D:5      | Reached skill level 6 in Unarmed Combat
  4770 | D:5      | Reached skill level 5 in Summonings
  5173 | D:6      | Reached XP level 8. HP: 56/62 MP: 12/12
  5229 | D:5      | Reached skill level 7 in Unarmed Combat
  5843 | D:6      | Learned a level 2 spell: Call Imp
  5846 | D:6      | Learned a level 2 spell: Blink
  6232 | D:6      | Reached skill level 8 in Unarmed Combat
  6552 | D:7      | Noticed Dowan
  6553 | D:7      | Noticed Duvessa
  6554 | D:7      | Noticed a hornet
  6559 | D:7      | Killed Dowan
  6694 | D:7      | Paralysed by a hornet for 2 turns
  6696 | D:7      | Killed Duvessa
  6699 | D:7      | Killed a hornet
  6700 | D:7      | Reached skill level 9 in Unarmed Combat
  7264 | D:7      | Reached XP level 9. HP: 51/66 MP: 13/13
  7422 | D:7      | Identified the ring "Yclan" {MP+9 Str+2 Dex+6}
  7728 | D:8      | Noticed a gargoyle
  7742 | D:8      | Killed a gargoyle
  7743 | D:8      | Reached skill level 10 in Unarmed Combat
  8094 | D:8      | Found a flagged portal.
  8158 | D:8      | Reached skill level 11 in Unarmed Combat
  8338 | D:8      | Noticed a two-headed ogre
  8347 | D:8      | Killed a two-headed ogre
  8348 | D:8      | Reached skill level 12 in Unarmed Combat
  8673 | D:9      | Noticed Harold
  8688 | D:9      | Killed Harold
  8689 | D:9      | Reached XP level 10. HP: 74/74 MP: 14/14
  8844 | D:9      | Found a staircase to the Orcish Mines.
  9426 | D:9      | Noticed a red ugly thing
  9637 | Orc:1    | Entered Level 1 of the Orcish Mines
  9800 | Orc:2    | Entered Level 2 of the Orcish Mines
  9800 | Orc:2    | Noticed a two-headed ogre
  9800 | Orc:2    | Noticed an orc knight
  9800 | Orc:2    | Noticed an orc warlord
  9810 | Orc:1    | Reached skill level 13 in Unarmed Combat
  9904 | D:9      | Found a staircase to the Lair.
  9904 | D:9      | Noticed a two-headed ogre
 10456 | D:9      | Killed a red ugly thing
 10460 | D:9      | Killed a two-headed ogre
 10461 | D:9      | Reached skill level 14 in Unarmed Combat
 10719 | D:10     | Entered Level 10 of the Dungeon
 11184 | D:10     | Noticed Maurice
 11191 | D:10     | Killed Maurice
 12055 | D:11     | Reached XP level 11. HP: 22/81 MP: 16/16
 12201 | D:11     | Reached skill level 15 in Unarmed Combat
 12245 | D:11     | Noticed a two-headed ogre
 12374 | D:11     | Killed a two-headed ogre
 12530 | D:11     | Noticed Gastronok
 12544 | D:11     | Killed Gastronok
 12801 | D:11     | Identified the +1 ring mail "Ozuig" {rF+}
 13110 | D:12     | HP: 5/126 [freezing wraith (8)]
 13110 | D:12     | Slain by a freezing wraith

Illustrated notes

Levels and vault maps discovered:
D:1:      dpeg_arrival_court, layout_basic,
          hellmonk_ecumenical_altar_inner_sanctum
D:2:      layout_rooms, amethyst_killhole, uniq_crazy_yiuf_cottage
D:3:      layout_basic, minmay_misc_feat_doors, uniq_jessica, uniq_grinder
D:4:      wad_woods_pond, layout_basic, kennysheep_mini,
          minmay_temple_entry_fiery, wad_floor_pattern_untrapped
D:5:      layout_basic, mainiacjoe_overflow_small_starburst,
          portal_sewer_entry_e, solitary_fountain, nicolae_sextant,
          chequers_serial_rivers_small_3, lightli_minifort
D:6:      layout_basic, mainiacjoe_overflow_tiny_flanked,
          nicolae_yredelemnul_corpse_copse
D:7:      layout_rooms, uniq_duvessa
D:8:      layout_layer_cave, mainiacjoe_overflow_cross_hatched, enter_bailey_2,
          kennysheep_generic_room_15
D:9:      layout_roguey, erik_lair_orcish_takeover, orc_david_3,
          small_statue_intersection, uniq_harold
D:10:     layout_basic, mainiacjoe_overflow_concentric_impassable, uniq_maurice
D:11:     layout_irregular_city, minivault_10, kennysheep_generic_room_4,
          uniq_gastronok
D:12:     minmay_the_grid_octo_tiled_octocenter [minmay_the_grid_octo_empty,
          minmay_the_grid_octo_checkered, minmay_the_grid_octo_teeth,
          minmay_the_grid_octo_fat_diamond,
          minmay_the_grid_octo_prize_ultimate_mussel_roller,
          minmay_the_grid_square_5x5_checkered_sparse,
          minmay_the_grid_square_5x5_detours,
          minmay_the_grid_square_5x5_trominoes,
          minmay_the_grid_square_5x5_n_small], layout_basic
Orc:1:    layout_caves, basic_altar
Orc:2:    kennysheep_orc_mage_school, layout_diamond_mine, basic_altar,
          led_sif_book

Skill      XL: |  1  2  3  4  5  6  7  8  9 10 11 |
---------------+----------------------------------+-----
Unarmed Combat | 2 3 4 5 6 9 12 14 15 | 15.6
Spellcasting   | 1 |  1.1
Summonings     | 1 3 4 5 |  5.5
Fighting       | 4 |  4.1
Armour         | |  2.6
Shields        | |  2.6

Action                   |  1- 3 |  4- 6 |  7- 9 | 10-12 || total
-------------------------+-------+-------+-------+-------++-------
Melee: Unarmed           |   146 |   111 |   249 |   218 ||   724
 Fire: Hand crossbow     |       |     4 |    10 |       ||    14
Throw: Throwing net      |       |       |     1 |     1 ||     2
 Cast: Call Canine Famil |       |       |     5 |     1 ||     6
       Call Imp          |       |       |     4 |       ||     4
       Blink             |       |       |     1 |       ||     1
Evoke: Wand              |       |       |     7 |       ||     7
  Use: Scroll            |     2 |     8 |     3 |    11 ||    24
       Potion            |     3 |     2 |     4 |     4 ||    13
 Stab: Held in net/web   |       |       |       |     1 ||     1
       Sleeping          |       |       |       |     1 ||     1
Armor: Scale mail        |    70 |    51 |     2 |       ||   123
       Steam dragon scal |       |       |    67 |    63 ||   130
       Skin              |       |       |       |     3 ||     3
Dodge: Dodged            |    63 |    34 |   116 |    91 ||   304
Block: Buckler           |    31 |    28 |    67 |    63 ||   189
